 Dungeon Crawl Stone Soup version 0.26.1 (webtiles) character file.

Game seed: 7657231483513000897

194 BOMJPIETVODKU the Slasher (level 5, -3/42 HPs)
             Began as a Demonspawn Abyssal Knight on Feb 5, 2021.
             Was a Believer of Lugonu.
             Slain by faxtax's ghost (7 damage)
             ... on level 2 of the Dungeon.
             The game lasted 00:08:36 (3989 turns).

BOMJPIETVODKU the Slasher (DsAK)                    Turns: 3989, Time: 00:08:36

Health: -3/42      AC: 13    Str: 14      XL:     5   Next: 44%
Magic:  0/7        EV:  4    Int: 12 (13) God:    Lugonu [**....]
Gold:   106        SH:  5    Dex: 12      Spells: 4/4 levels left

rFire    . . .     SeeInvis .   a - +1 falchion
rCold    . . .     Faith    .   (no shield)
rNeg     . . .     Spirit   +   e - +0 plate armour
rPois    .         Reflect  +   (no helmet)
rElec    .         Harm     .   (no cloak)
rCorr    .         Rampage  .   (no gloves)
Will     .....                  (no boots)
Stlth    ..........             i - amulet of reflection
HPRegen  0.14/turn              (no ring)
MPRegen  0.10/turn              (no ring)

@: hasted, very quick
A: molten scales 1, magic shield
a: Renounce Religion, Depart the Abyss, Bend Space


You were on level 2 of the Dungeon.
You worshipped Lugonu.
Lugonu was pleased with you.
You visited 1 branch of the dungeon, and saw 3 of its levels.
You visited the Abyss 1 time.

You collected 106 gold pieces.

Inventory:

Hand Weapons
 a - a +1 falchion (weapon)
Armour
 b - a +0 leather armour
 e - a +0 plate armour (worn)
Jewellery
 i - an amulet of reflection (around neck)
Wands
 j - a wand of random effects (11)
Scrolls
 c - 3 scrolls of identify {unknown}
 d - 2 scrolls of blinking {unknown}
 f - a scroll of teleportation {unknown}
 h - 5 scrolls of remove curse {unknown}
 k - 2 scrolls of enchant weapon {unknown}
 l - a scroll of immolation {unknown}
 m - 2 scrolls of amnesia {unknown}
 q - a scroll of fog {unknown}
Potions
 n - a potion of mutation {unknown}
 o - a potion of attraction {unknown}
 p - a potion of haste


   Skills:
 + Level 3.8 Fighting
 + Level 3.9 Long Blades
 + Level 2.8 Armour
 + Level 1.0 Dodging
 + Level 0.6 Shields
 + Level 2.7 Invocations


You had 4 spell levels left.
You didn't know any spells.
Your spell library was empty.

Dungeon Overview and Level Annotations

Branches:
Dungeon (3/15)

Altars:
Ashenzari
Gozag
Kikubaaqudgha
Trog
Xom
Zin

Annotations:
D:2 brob1's ghost, amateur DrTm; faxtax's ghost, amateur DsWn
D:3 Flure's ghost, amateur FoCj


Innate Abilities, Weirdness & Mutations

You are partially covered in molten scales. (AC +2)
When hurt, damage is shared between your health and your magic reserves.


Message History

You block faxtax's ghost's attack.
You hit faxtax's ghost but do no damage.
Faxtax's ghost is heavily damaged.
Brob1's ghost hits you.
* * * LOW HITPOINT WARNING * * *
Faxtax's ghost hits you but does no damage.
Your plate armour prevents you from hitting faxtax's ghost.
Faxtax's ghost is heavily damaged.
You hit faxtax's ghost but do no damage.
Faxtax's ghost is heavily damaged.
Brob1's ghost swings its fists at you.
Brob1's ghost hits you but does no damage.
Faxtax's ghost hits you but does no damage.
You hit faxtax's ghost but do no damage.
Faxtax's ghost is heavily damaged.
Brob1's ghost barely misses you.
Faxtax's ghost hits you but does no damage.
Okay, then.
Brob1's ghost completely misses you. Faxtax's ghost hits you!
You die...

......##.....#..)#...#####.....#
......##.###.#.......'...'.....#
###...##+###.##.#....#####.....#
#...........######### #.....#
#...>.......####_### #.....#
#...........##8...8# #.....#
##############.....## #.....#
#8.....8# #.....# ##.@...##
#.....# #8WW.8######.....#
##.....##.........#
#8.....8#.######### ##.....##.#
#8...8##.# ###>####.# #######.#
##......#


You could see brob1's ghost and faxtax's ghost.

Vanquished Creatures
  A worker ant (D:1)
  4 gnolls
  5 adders
  An ooze (D:3)
  2 worms
  2 dart slugs
  4 ball pythons
  5 giant cockroaches
  7 goblins
  5 hobgoblins
  11 jackals
  8 bats
  5 frilled lizards
  10 kobolds
  3 rats
73 creatures vanquished.

Vanquished Creatures (others)
  4 withered plants (D:3)
4 creatures vanquished.

Grand Total: 77 creatures vanquished

Notes
Turn   | Place    | Note
-------+----------+-------------------------------------------
     0 | Abyss:1  | BOMJPIETVODKU the Demonspawn Abyssal Knight began the quest
                  | for the Orb.
     0 | Abyss:1  | Reached XP level 1. HP: 18/18 MP: 2/2
     1 | D:1      | Escaped the Abyss
   489 | D:1      | Gained mutation: You are partially covered in molten
                  | scales. (AC +2) [demonic ancestry]
   489 | D:1      | Reached XP level 2. HP: 24/24 MP: 3/3
   514 | D:1      | Reached * piety under Lugonu
  1197 | D:1      | Reached XP level 3. HP: 18/29 MP: 4/4
  1758 | D:1      | Gained mutation: When hurt, damage is shared between your
                  | health and your magic reserves. [demonic ancestry]
  1758 | D:1      | Reached XP level 4. HP: 24/36 MP: 6/6
  2019 | D:2      | Found a broken altar of Ashenzari.
  2110 | D:2      | Found a glowing silver altar of Zin.
  2345 | D:2      | Found an opulent altar of Gozag.
  2351 | D:2      | Reached ** piety under Lugonu
  2443 | D:3      | Found a shimmering altar of Xom.
  2727 | D:3      | Reached XP level 5. HP: 23/42 MP: 4/7
  2884 | D:3      | Reached skill level 1 in Dodging
  3088 | D:3      | Found a bloodstained altar of Trog.
  3214 | D:3      | Found a runed translucent gate.
  3214 | D:3      | Found a runed translucent gate.
  3214 | D:3      | Found a runed translucent gate.
  3215 | D:3      | Noticed Flure's ghost (amateur FoCj)
  3215 | D:3      | Noticed faxtax's ghost (amateur DsWn)
  3215 | D:3      | Noticed brob1's ghost (amateur DrTm)
  3563 | D:3      | Found an ancient bone altar of Kikubaaqudgha.
  3989 | D:2      | Slain by faxtax's ghost

Illustrated notes

Levels and vault maps discovered:
D:1:      evilmike_arrival_hilbert_curve, layout_rooms, serial_co_window_serial,
          co_window_paths_a, co_window_of_opportunity_a, co_window_corner_a,
          co_window_paths_b, co_window_paths_b, co_window_corner_a,
          co_window_corner_a, co_window_paths_a, co_window_paths_b,
          co_window_2corner, co_window_corner_b, co_window_2corner,
          co_window_paths_e, co_window_4corner_a
D:2:      layout_basic, nicolae_overflow_hidden_temple,
          lemuel_coloured_pillars_altar, nicolae_gozag_seed_capital,
          grunt_ministairs_1
D:3:      layout_basic, lemuel_doored_altar, general_overflow_altar,
          xom_butterflies, gammafunk_ghost_cemetery

Skill      XL: |  1  2  3  4  5 |
---------------+----------------+-----
Long Blades    | 2 3 |  3.9
Armour         | 2 |  2.8
Dodging        | 1 |  1.0
Fighting       | |  3.8
Shields        | |  0.6
Invocations    | |  2.7

Action                   |  1- 3 |  4- 6 || total
-------------------------+-------+-------++-------
Melee: Falchion          |    94 |   211 ||   305
Invok: Depart the Abyss  |     1 |       ||     1
       Bend Space        |       |     2 ||     2
  Use: Potion            |     2 |     2 ||     4
Armor: Plate armour      |   150 |   231 ||   381
       Leather armour    |     3 |       ||     3
Dodge: Dodged            |    39 |    52 ||    91
Block: Other             |       |    76 ||    76
       Rpst.: Falchion   |    10 |    20 ||    30
